 Dungeon Crawl Stone Soup version 0.23.2-40-g277498a001 (webtiles) character file.

Game seed: 1755530797840470914

65 Emblim88 the Grasshopper (level 4, 0/38 HPs)
             Began as a Gnoll Warper on Aug 19, 2019.
             Succumbed to Robin's poison
             ... on level 2 of the Dungeon.
             The game lasted 00:02:28 (1191 turns).

Emblim88 the Grasshopper (Gnoll Warper)             Turns: 1191, Time: 00:02:28

Health: 0/38       AC:  4    Str: 13    XL:     4   Next: 13%
Magic:  11/11      EV: 14    Int: 16    God:
Gold:   73         SH:  2    Dex: 15    Spells: 13/13 levels left

rFire    . . .     SeeInvis .   a - +0 falchion
rCold    . . .     Gourm    .   (no shield)
rNeg     . . .     Faith    .   b - +0 leather armour
rPois    .         Spirit   .   (no helmet)
rElec    .         Reflect  +   (no cloak)
rCorr    .         Harm     .   l - +0 pair of gloves
MR       .....                  (no boots)
Stlth    ++........             j - +2 amulet of reflection
HPRegen  0.12/turn              (no ring)
MPRegen  0.12/turn              (no ring)

@: lethally poisoned (0 -> -16), hasted, very quick
A: distributed training, fangs 1, strong nose
a: no special abilities


You were on level 2 of the Dungeon.
You were not hungry.

You visited 1 branch of the dungeon, and saw 2 of its levels.

You collected 73 gold pieces.

Inventory:

Hand Weapons
 a - a +0 falchion (weapon)
Missiles
 e - 5 tomahawks of dispersal (quivered)
Armour
 b - a +0 leather armour (worn)
 l - a +0 pair of gloves (worn)
Jewellery
 j - a +2 amulet of reflection (around neck)
 m - an uncursed amulet of regeneration
Scrolls
 c - a scroll of enchant armour {unknown}
 d - a scroll of blinking
 h - a scroll of identify
 n - a scroll of remove curse {unknown}
 o - a scroll of amnesia {unknown}
Potions
 g - a potion of flight {unknown}
 k - a potion of invisibility {unknown}
Comestibles
 f - a ration


   Skills:
 + Level 4.6 Fighting
 + Level 1.0 Short Blades
 + Level 4.6 Long Blades
 + Level 1.0 Axes
 + Level 1.0 Maces & Flails
 + Level 1.0 Polearms
 + Level 1.0 Staves
 + Level 1.0 Slings
 + Level 1.0 Bows
 + Level 1.0 Crossbows
 + Level 2.7 Throwing
 + Level 2.7 Armour
 + Level 4.6 Dodging
 + Level 1.0 Stealth
 + Level 1.0 Shields
 + Level 1.0 Unarmed Combat
 + Level 5.0 Spellcasting
 + Level 0.7 Conjurations
 + Level 0.7 Hexes
 + Level 0.7 Charms
 + Level 0.7 Summonings
 + Level 0.7 Necromancy
 + Level 5.4 Translocations
 + Level 0.7 Transmutations
 + Level 0.7 Fire Magic
 + Level 0.7 Ice Magic
 + Level 0.7 Air Magic
 + Level 0.7 Earth Magic
 + Level 0.7 Poison Magic
 + Level 1.1 Invocations
 + Level 1.0 Evocations


You had 13 spell levels left.
You didn't know any spells.
Your spell library contained the following spells:

 Spells                   Type           Power        Failure   Level  Hunger
 Blink                    Tloc           N/A          3%          2    #......
 Gell's Gravitas          Tloc           ###.......   6%          3    ###....
 Lesser Beckoning         Tloc           ###.......   6%          3    ###....
 Teleport Other           Tloc           ###.....     6%          3    ###....
 Shroud of Golubria       Chrm/Tloc      ##........   9%          2    #......
 Passage of Golubria      Tloc           N/A          21%         4    ####...


Dungeon Overview and Level Annotations

Branches:
Dungeon (2/15)

Altars:


Innate Abilities, Weirdness & Mutations

Your experience applies equally to all skills.
You have very sharp teeth.
Your uncanny sense of smell can sniff out nearby items.


Message History

* * * LOW HITPOINT WARNING * * *
You are more poisoned.
You closely miss the goblin.
* * * LOW HITPOINT WARNING * * *
You feel sick. The goblin closely misses you.
The goblin hits you with a +0 club.
* * * LOW HITPOINT WARNING * * *
The goblin closely misses you.
You closely miss the goblin. You punch the goblin.
The goblin is severely wounded.
* * * LOW HITPOINT WARNING * * *
You feel sick. The goblin hits you but does no damage. Robin barely misses you.
You riposte.
You hit Robin.
You kill Robin!
You have reached level 4!
You feel clever. The goblin misses you.
You riposte.
You hit the goblin.
The goblin is moderately wounded.
It was a potion of haste.
You feel yourself speed up.
You die...

#....g.g..)gg.#........
#.##+######'###........
##.##..#####.###........
........[.#....'........
..........#..###........
..........#.......###+##
..........#..g###.#
..........#.gg#.#.#
..........#.gg@g#.#
..........#..####.#
########'#........#
#.##.).##### #.##.......
#..#....###
#..#....########
#..#.†..#......#
#.......#.####.#


You could see 2 hobgoblins and 4 goblins.

Vanquished Creatures
  Robin (D:2)
  An adder (D:2)
  2 oozes (D:1)
  A dart slug (D:1)
  A leopard gecko (D:1)
  2 bats (D:1)
  A giant cockroach (D:1)
  8 goblins
  6 hobgoblins
  3 kobolds (D:1)
  2 frilled lizards (D:1)
  4 rats
32 creatures vanquished.

Notes
Turn   | Place    | Note
-------+----------+-------------------------------------------
     0 | D:1      | Emblim88 the Gnoll Warper began the quest for the Orb.
     0 | D:1      | Reached XP level 1. HP: 20/20 MP: 6/6
    62 | D:1      | Reached XP level 2. HP: 20/26 MP: 7/7
   469 | D:1      | Reached skill level 5 in Spellcasting
   469 | D:1      | Reached XP level 3. HP: 31/31 MP: 7/9
   941 | D:2      | Reached skill level 1 in Invocations
   992 | D:2      | Noticed Robin
  1016 | D:1      | Reached skill level 1 in Short Blades
  1016 | D:1      | Reached skill level 1 in Axes
  1016 | D:1      | Reached skill level 1 in Maces & Flails
  1016 | D:1      | Reached skill level 1 in Polearms
  1016 | D:1      | Reached skill level 1 in Staves
  1016 | D:1      | Reached skill level 1 in Slings
  1016 | D:1      | Reached skill level 1 in Bows
  1016 | D:1      | Reached skill level 1 in Crossbows
  1016 | D:1      | Reached skill level 1 in Stealth
  1016 | D:1      | Reached skill level 1 in Shields
  1016 | D:1      | Reached skill level 1 in Unarmed Combat
  1016 | D:1      | Reached skill level 1 in Evocations
  1190 | D:2      | HP: 1/31 [poisoned by Robin]
  1190 | D:2      | Killed Robin
  1190 | D:2      | Reached XP level 4. HP: 1/38 MP: 11/11
  1191 | D:2      | Succumbed to Robin's poison

Skill      XL: |  1  2  3 |
---------------+----------+-----
Spellcasting   | 5 |  5.0
Invocations    | 1 |  1.1
Short Blades   | 1 |  1.0
Axes           | 1 |  1.0
Maces & Flails | 1 |  1.0
Polearms       | 1 |  1.0
Staves         | 1 |  1.0
Slings         | 1 |  1.0
Bows           | 1 |  1.0
Crossbows      | 1 |  1.0
Stealth        | 1 |  1.0
Shields        | 1 |  1.0
Unarmed Combat | 1 |  1.0
Evocations     | 1 |  1.0
Fighting       | |  4.6
Long Blades    | |  4.6
Throwing       | |  2.7
Armour         | |  2.7
Dodging        | |  4.6
Conjurations   | |  0.7
Hexes          | |  0.7
Charms         | |  0.7
Summonings     | |  0.7
Necromancy     | |  0.7
Translocations | |  5.4
Transmutations | |  0.7
Fire Magic     | |  0.7
Ice Magic      | |  0.7
Air Magic      | |  0.7
Earth Magic    | |  0.7
Poison Magic   | |  0.7

Action                   |  1- 3 |  4- 6 || total
-------------------------+-------+-------++-------
Melee: Falchion          |   111 |       ||   111
       Bite              |    14 |       ||    14
       Punch             |     2 |       ||     2
  Use: Scroll            |     1 |       ||     1
       Potion            |       |     1 ||     1
 Stab: Sleeping          |     2 |       ||     2
  Eat: Chunk             |     1 |       ||     1
Armor: Leather armour    |    30 |       ||    30
Dodge: Dodged            |   118 |     1 ||   119
Block: Other             |     5 |       ||     5
       Rpst.: Falchion   |    35 |     1 ||    36
